 Dungeon Crawl Stone Soup version 0.31.0-9-g3a7656b989 (webtiles) character file.

Game seed: 17218257318044924193

1 qw the Shooter (level 1, -1/10 HPs)
             Began as a Spriggan Hunter on Feb 2, 2024.
             Slain by a quokka (2 damage)
             ... on level 1 of the Dungeon.
             The game lasted 00:00:00 (86 turns).

qw the Shooter (Spriggan Hunter)                      Turns: 86, Time: 00:00:00

Health: -1/10      AC:  2    Str:  7    XL:     1   Next: 16%
Magic:  2/2        EV: 18    Int: 10    God:
Gold:   17         SH:  0    Dex: 18    Spells: 0/0 levels left

rFire   . . .        a - +0 shortbow
rCold   . . .        (shield currently unavailable)
rNeg    . . .        c - +0 robe
rPois   .            (helmet restricted)
rElec   .            (no cloak)
rCorr   .            (gloves unavailable)
SInv    +            (boots unavailable)
Will    .....        (no amulet)
Stlth   ++           (no ring)
HPRegen 0.21/turn    (no ring)
MPRegen 0.08/turn

%: no passive effects
@: very quick
A: very small, no large weapons, unfitting armour, see invisible, speed 3
a: no special abilities


You were on level 1 of the Dungeon.
You visited 1 branch of the dungeon, and saw 1 of its levels.

You collected 17 gold pieces.


Innate Abilities, Weirdness & Mutations

You are very small and have problems with some larger weapons.
You are too small for most types of armour.
You have supernaturally acute eyesight. (SInv)
You cover ground extremely quickly. (Speed+++)


   Skills:
 - Level 1.5 Fighting
 - Level 4.0 Ranged Weapons
 + Level 2.9 Dodging
 - Level 1.5 Stealth


You couldn't memorise any spells.
You didn't know any spells.
Your spell library was empty.

Inventory:

Hand Weapons
 a - a +0 shortbow (weapon)
Armour
 c - a +0 robe (worn)
Scrolls
 b - a scroll of butterflies
Potions
 d - a potion of enlightenment {unknown}

Dungeon Overview and Level Annotations

Branches:
Dungeon (1/15)

Altars:


Message History

You shoot an arrow. The arrow hits the bat.
You kill the bat!
There is an open door here.
You now have 17 gold pieces.
Found 2 poisoned darts.
You see here a bat corpse.
A kobold comes into view. It is wielding a +0 short sword.
Found a whip.
The kobold shouts!
You hear an angry hiss.
A frilled lizard comes into view.
You shoot an arrow. The arrow hits the kobold.
The kobold is moderately wounded.
A hobgoblin comes into view.
A quokka comes into view.
You shoot an arrow. The hobgoblin shouts!
The arrow hits the quokka but does no damage.
You shoot an arrow.
The arrow hits the kobold but does no damage.
The kobold is moderately wounded.
You shoot an arrow. The arrow hits the kobold!
You kill the kobold!
You shoot an arrow. The arrow completely misses the quokka.
The quokka bites you.
You shoot an arrow. The arrow closely misses the quokka.
The quokka bites you but does no damage.
You shoot an arrow. The arrow completely misses the quokka.
The quokka bites you.
Ouch! That really hurt!
The frilled lizard bites you.
The quokka bites you but does no damage.
You shoot an arrow. The arrow misses the quokka.
The frilled lizard misses you. The quokka closely misses you.
The frilled lizard completely misses you.
You shoot an arrow.
The arrow hits the quokka but does no damage.
The quokka misses you. The frilled lizard bites you.
You shoot an arrow. The arrow barely misses the quokka.
The quokka completely misses you. The frilled lizard bites you.
The quokka bites you.
You die...

#.#.#..## ##.#
####.#.#...### #..#
#....#.#.#...###..'
#....#.#.......#%.#
#
#.#.##.#####......#
#.###.# .# #...#..#
#.....# #.......
####..# #.###...
#@r# #.# #.#.
........lg...). #.#
#...
############### #.#
#.(. #.#.


You could see a quokka, a hobgoblin and a frilled lizard.

Vanquished Creatures
  A bat (D:1)
  A kobold (D:1)
2 creatures vanquished.

Notes
Turn   | Place    | Note
-------+----------+-------------------------------------------
     0 | D:1      | qw the Spriggan Hunter began the quest for the Orb.
     0 | D:1      | Reached XP level 1. HP: 10/10 MP: 2/2
     0 | D:1      | 0 ||| qw: Version: 0.3-a-155-g5e7d8dd
     0 | D:1      | 0 ||| qw: Game counter: 2524
     0 | D:1      | 0 ||| qw: Melee chars always use a shield: true
     0 | D:1      | 0 ||| qw: God list: Okawaru
     0 | D:1      | 0 ||| qw: Allow faded altars: false
     0 | D:1      | 0 ||| qw: Do Orc after clearing Dungeon:15 true
     0 | D:1      | 0 ||| qw: Do second Lair branch before Depths: true
     0 | D:1      | 0 ||| qw: Lair rune preference: random
     0 | D:1      | 0 ||| qw: Goals: Normal
     0 | D:1      | 0 ||| PLANNING D:1-11
     2 | D:1      | Noticed a naga
     2 | D:1      | Noticed a demonspawn
     4 | D:1      | Noticed a gargoyle
     4 | D:1      | Noticed an oni
     6 | D:1      | Noticed an armataur
     6 | D:1      | Noticed a troll
     8 | D:1      | Noticed a spriggan
    10 | D:1      | Noticed a demigod
    12 | D:1      | Noticed a vine stalker
    14 | D:1      | Noticed a formicid
    16 | D:1      | Noticed a human
    16 | D:1      | Noticed a djinni
    18 | D:1      | Noticed a felid
    18 | D:1      | Noticed an elf
    20 | D:1      | Noticed a merfolk
    20 | D:1      | Noticed a vampire
    22 | D:1      | Noticed a tengu
    22 | D:1      | Noticed a draconian
    24 | D:1      | Noticed a ghoul
    24 | D:1      | Noticed a minotaur
    27 | D:1      | Noticed an octopode
    27 | D:1      | Noticed a barachi
    85 | D:1      | HP: 2/10 [frilled lizard (1)]
    86 | D:1      | Slain by a quokka

Levels and vault maps discovered:
D:1:      kb_arrival_jail, layout_basic

Action                     || total
---------------------------++-------
   Fire: Shortbow          ||    12
 Armour: Robe              ||     8
  Dodge: Dodged            ||     6

Table legend:
 A = Non-vault XP
 B = Vault XP
 C = Vault XP percentage of total XP
 D = Non-vault monster count
 E = Vault monster count
 F = Vault count percentage of total count
                 A         B        C        D         E       F
            +---------+---------+-------+---------+---------+-------
      Total |       2 |       0 |   0.0 |       2 |       0 |   0.0
            +---------+---------+-------+---------+---------+-------
        D:1 |       2 |       0 |   0.0 |       2 |       0 |   0.0
            +---------+---------+-------+---------+---------+-------
